TOP OF THE 1ST |
Geneva Red Legs batting - Pitching for Auburn Red Stars : LHP William Eason
|
Pitching: LHP William Eason
|
|
Batting: RHB Raymond Bresnahan
|
0-0: Ball 1-0: Called Strike 1-1: Called Strike 1-2: Ground out 6-3 (Groundball, 6)
|
Batting: RHB Jose Bernhardt
|
0-0: Ball 1-0: Ball 2-0: Ball 3-0: Called Strike 3-1: Base on Balls
|
Batting: RHB Adolfo Feliz
|
0-0: Called Strike 0-1: Fielders Choice at 2nd, 6-4 (Groundball, 6)
|
Batting: RHB Steve Balboni
|
0-0: Ball 1-0: Called Strike Adolfo Feliz is caught stealing 2nd base 2-4
|
Top of the 1st over - 0 runs, 0 hits, 0 errors, 0 left on base; Geneva 0 - Auburn 0 |
BOTTOM OF THE 1ST |
Auburn Red Stars batting - Pitching for Geneva Red Legs : RHP Rickey Keeton
|
Pitching: RHP Rickey Keeton
|
|
Batting: LHB Mario Delgado
|
0-0: Foul Ball, location: 2F 0-1: SINGLE (Groundball, 4) (infield hit)
|
Batting: LHB Luis Alfaro
|
0-0: Called Strike 0-1: DOUBLE (Line Drive, 9LD) Mario Delgado to third Runner from 3rd tries for Home, SAFE, no throw by RF
|
Batting: RHB Ron Johnson
|
0-0: Called Strike 0-1: Foul Ball, location: 2F 0-2: Strikes out looking
|
Batting: RHB Jose Rodriguez
|
0-0: Ball 1-0: Ball 2-0: Foul Ball, location: 2F 2-1: Swinging Strike 2-2: Fly out, F8 (Line Drive, 8RD)
|
Batting: RHB Richard Lane
|
0-0: Ball 1-0: Swinging Strike 1-1: Ball 2-1: Foul Ball, location: 2F 2-2: Fly out, F7 (Line Drive, 7)
|
Bottom of the 1st over - 1 run, 2 hits, 0 errors, 1 left on base; Geneva 0 - Auburn 1 |
TOP OF THE 2ND |
Geneva Red Legs batting - Pitching for Auburn Red Stars : LHP William Eason
|
Batting: RHB Steve Balboni
|
0-0: Ball 1-0: Ball 2-0: Ball 3-0: Base on Balls
|
Batting: SHB Kevin Jensen
|
0-0: Swinging Strike 0-1: Foul Ball, location: 2F 0-2: SINGLE (Groundball, 56D) Steve Balboni to second
|
Batting: RHB Sean O'Leary
|
0-0: Ball 1-0: Ball 2-0: Ball 3-0: Base on Balls Steve Balboni to third Kevin Jensen to second
|
Batting: SHB Richard Reichle
|
0-0: Ball 1-0: Grounds into double play, 5-4-3 (Groundball, 56) Steve Balboni scores Kevin Jensen to third
|
Batting: RHB Allen Leech
|
0-0: Called Strike 0-1: SINGLE (Line Drive, 56D) Kevin Jensen scores
|
Batting: RHB Richard Meltz
|
0-0: Called Strike 0-1: Ball 1-1: Fly out, F8 (Flyball, 8LS)
|
Top of the 2nd over - 2 runs, 2 hits, 0 errors, 1 left on base; Geneva 2 - Auburn 1 |
BOTTOM OF THE 2ND |
Auburn Red Stars batting - Pitching for Geneva Red Legs : RHP Rickey Keeton
|
Batting: RHB Douglas Morganti
|
0-0: Ball 1-0: Fly out, F8 (Flyball, 8LS)
|
Batting: RHB Richard Oliver
|
0-0: Ball 1-0: Called Strike 1-1: Ball 2-1: Ball 3-1: Base on Balls
|
Batting: RHB Lorenzo Gray
|
0-0: Foul Ball, location: 2F 0-1: Ball 1-1: Ball 2-1: Ball 3-1: Fly out, F7 (Flyball, 78D)
|
Batting: RHB Leo Lemon
|
0-0: Called Strike 0-1: Ball 1-1: Ball Richard Oliver steals 2nd, throwing error, E2 Richard Oliver to third 2-1: Ball 3-1: Foul Ball, location: 2F 3-2: Fly out, F8 (Line Drive, 8LM)
|
Bottom of the 2nd over - 0 runs, 0 hits, 1 error, 1 left on base; Geneva 2 - Auburn 1 |
TOP OF THE 3RD |
Geneva Red Legs batting - Pitching for Auburn Red Stars : LHP William Eason
|
Batting: RHB Raymond Bresnahan
|
0-0: DOUBLE (Line Drive, 3D)
|
Batting: RHB Jose Bernhardt
|
0-0: Foul Ball, location: 2F 0-1: Ball Wild Pitch! Raymond Bresnahan to third 1-1: Called Strike 1-2: Ball 2-2: Strikes out swinging
|
Batting: RHB Adolfo Feliz
|
0-0: Called Strike 0-1: Ball 1-1: Ball 2-1: Fly out, F6 (Popup, 6M)
|
Batting: RHB Steve Balboni
|
0-0: Ball 1-0: Ball 2-0: Fly out, F9 (Flyball, 89M)
|
Top of the 3rd over - 0 runs, 1 hit, 0 errors, 1 left on base; Geneva 2 - Auburn 1 |
BOTTOM OF THE 3RD |
Auburn Red Stars batting - Pitching for Geneva Red Legs : RHP Rickey Keeton
|
Batting: LHB Mario Delgado
|
0-0: Ball 1-0: SINGLE (Line Drive, 89S)
|
Batting: LHB Luis Alfaro
|
0-0: Ball 1-0: Fielders Choice at 2nd, 4-6 (Groundball, 4)
|
Batting: RHB Ron Johnson
|
0-0: Called Strike 0-1: Ball 1-1: Ball 2-1: Foul Ball, location: 2F 2-2: Strikes out swinging
|
Batting: RHB Jose Rodriguez
|
0-0: Called Strike 0-1: Called Strike 0-2: Ball Wild Pitch! Luis Alfaro to second 1-2: Foul Ball, location: 2F 1-2: Foul Ball, location: 2F 1-2: Foul Ball, location: 2F 1-2: SINGLE (Groundball, 34D) Luis Alfaro to third Runner from 3rd tries for Home, SAFE, no throw by RF
|
Batting: RHB Richard Lane
|
0-0: Ball 1-0: Ball 2-0: Ball Wild Pitch! Jose Rodriguez to second 3-0: Base on Balls
|
Batting: RHB Douglas Morganti
|
0-0: Called Strike 0-1: Swinging Strike 0-2: Ball 1-2: Foul Ball, location: 2F 1-2: Ground out 3-1 (Groundball, 34)
|
Bottom of the 3rd over - 1 run, 2 hits, 0 errors, 2 left on base; Geneva 2 - Auburn 2 |
TOP OF THE 4TH |
Geneva Red Legs batting - Pitching for Auburn Red Stars : LHP William Eason
|
Batting: SHB Kevin Jensen
|
0-0: Ball 1-0: Ball 2-0: Called Strike 2-1: Fly out, F9 (Flyball, 9LS)
|
Batting: RHB Sean O'Leary
|
0-0: Swinging Strike 0-1: Foul Ball, location: 2F 0-2: Ball 1-2: Strikes out swinging
|
Batting: SHB Richard Reichle
|
0-0: Ball 1-0: Foul Ball, location: 2F 1-1: Ground out 6-3 (Groundball, 6M)
|
Top of the 4th over - 0 runs, 0 hits, 0 errors, 0 left on base; Geneva 2 - Auburn 2 |
BOTTOM OF THE 4TH |
Auburn Red Stars batting - Pitching for Geneva Red Legs : RHP Rickey Keeton
|
Batting: RHB Richard Oliver
|
0-0: Ball 1-0: Ball 2-0: Bunt missed! 2-1: Fly out, F7 (Line Drive, 7)
|
Batting: RHB Lorenzo Gray
|
0-0: Called Strike 0-1: Called Strike 0-2: Ball 1-2: Ball 2-2: Ball 3-2: Foul Ball, location: 2F 3-2: Ground out 5-3 (Groundball, 5S)
|
Batting: RHB Leo Lemon
|
0-0: Ball 1-0: Ball 2-0: Ball 3-0: Called Strike 3-1: Ground out 5-3 (Groundball, 56)
|
Bottom of the 4th over - 0 runs, 0 hits, 0 errors, 0 left on base; Geneva 2 - Auburn 2 |
TOP OF THE 5TH |
Geneva Red Legs batting - Pitching for Auburn Red Stars : LHP William Eason
|
Batting: RHB Allen Leech
|
0-0: Called Strike 0-1: Foul Ball, location: 2F 0-2: Ground out 4-3 (Groundball, 4)
|
Batting: RHB Richard Meltz
|
0-0: Called Strike 0-1: Ground out 1-3 (Groundball, 34S)
|
Batting: RHB Raymond Bresnahan
|
0-0: SINGLE (Groundball, 4MD)
|
Batting: RHB Jose Bernhardt
|
0-0: Ball 1-0: Ball 2-0: Fly out, F7 (Flyball, 78M)
|
Top of the 5th over - 0 runs, 1 hit, 0 errors, 1 left on base; Geneva 2 - Auburn 2 |
BOTTOM OF THE 5TH |
Auburn Red Stars batting - Pitching for Geneva Red Legs : RHP Rickey Keeton
|
Batting: LHB Mario Delgado
|
0-0: Called Strike 0-1: Ball 1-1: Ball 2-1: Ball 3-1: Foul Ball, location: 2F 3-2: SINGLE (Groundball, 4S) (infield hit)
|
Batting: LHB Luis Alfaro
|
0-0: Called Strike 0-1: Ball 1-1: Bunted foul 1-2: Foul Ball, location: 2F 1-2: Strikes out swinging
|
Batting: RHB Ron Johnson
|
0-0: Ball 1-0: Ball 2-0: Called Strike 2-1: Ball 3-1: Swinging Strike 3-2: Strikes out swinging
|
Batting: RHB Jose Rodriguez
|
0-0: Ball 1-0: Called Strike Mario Delgado steals 2nd base 1-1: Foul Ball, location: 2F 1-2: Ground out 6-3 (Groundball, 6)
|
Bottom of the 5th over - 0 runs, 1 hit, 0 errors, 1 left on base; Geneva 2 - Auburn 2 |
TOP OF THE 6TH |
Geneva Red Legs batting - Pitching for Auburn Red Stars : LHP William Eason
|
Batting: RHB Adolfo Feliz
|
0-0: Ball 1-0: Fly out, F3 (Line Drive, 3)
|
Batting: RHB Steve Balboni
|
0-0: Swinging Strike 0-1: Swinging Strike 0-2: Foul Ball, location: 2F 0-2: Ball 1-2: Strikes out swinging
|
Batting: SHB Kevin Jensen
|
0-0: Called Strike 0-1: Fly out, F9 (Flyball, 89S)
|
Top of the 6th over - 0 runs, 0 hits, 0 errors, 0 left on base; Geneva 2 - Auburn 2 |
BOTTOM OF THE 6TH |
Auburn Red Stars batting - Pitching for Geneva Red Legs : RHP Rickey Keeton
|
Batting: RHB Richard Lane
|
0-0: Ball 1-0: Ground out 5-3 (Groundball, 5L)
|
Batting: RHB Douglas Morganti
|
0-0: Ball 1-0: Called Strike 1-1: Ground out U3 (Groundball, 3)
|
Batting: RHB Richard Oliver
|
0-0: Called Strike 0-1: Ball 1-1: Ball 2-1: Ball 3-1: Base on Balls
|
Batting: RHB Lorenzo Gray
|
0-0: Ball 1-0: Ball 2-0: Swinging Strike 2-1: Foul Ball, location: 2F 2-2: Fly out, F7 (Line Drive, 7)
|
Bottom of the 6th over - 0 runs, 0 hits, 0 errors, 1 left on base; Geneva 2 - Auburn 2 |
TOP OF THE 7TH |
Geneva Red Legs batting - Pitching for Auburn Red Stars : LHP William Eason
|
Batting: RHB Sean O'Leary
|
0-0: Ball 1-0: Swinging Strike 1-1: Ball 2-1: Called Strike 2-2: Strikes out swinging
|
Batting: SHB Richard Reichle
|
0-0: Swinging Strike 0-1: Foul Ball, location: 2F 0-2: Strikes out swinging, 2-3 out at first.
|
Batting: RHB Allen Leech
|
0-0: Fly out, F9 (Flyball, 9S)
|
Top of the 7th over - 0 runs, 0 hits, 0 errors, 0 left on base; Geneva 2 - Auburn 2 |
BOTTOM OF THE 7TH |
Auburn Red Stars batting - Pitching for Geneva Red Legs : RHP Rickey Keeton
|
Batting: RHB Leo Lemon
|
0-0: Ball 1-0: Ground out 6-3 (Groundball, 6)
|
Batting: LHB Mario Delgado
|
0-0: Ball 1-0: Ground out 4-3 (Groundball, 4)
|
Batting: LHB Luis Alfaro
|
0-0: Ball 1-0: Ball 2-0: Ground out 4-3 (Groundball, 4)
|
Bottom of the 7th over - 0 runs, 0 hits, 0 errors, 0 left on base; Geneva 2 - Auburn 2 |
TOP OF THE 8TH |
Geneva Red Legs batting - Pitching for Auburn Red Stars : LHP William Eason
|
Batting: RHB Richard Meltz
|
0-0: Ball 1-0: Foul Ball, location: 2F 1-1: Called Strike 1-2: Ball 2-2: SINGLE (Line Drive, 5D)
|
Batting: RHB Raymond Bresnahan
|
0-0: Ball 1-0: Fly out, F3 (Popup, 3)
|
Batting: RHB Jose Bernhardt
|
0-0: Called Strike 0-1: Fly out, F6 (Popup, 6)
|
Batting: RHB Adolfo Feliz
|
0-0: Ball 1-0: Ground out 4-3 (Groundball, 4MS)
|
Top of the 8th over - 0 runs, 1 hit, 0 errors, 1 left on base; Geneva 2 - Auburn 2 |
BOTTOM OF THE 8TH |
Auburn Red Stars batting - Pitching for Geneva Red Legs : RHP Rickey Keeton
|
Batting: RHB Ron Johnson
|
0-0: Ball 1-0: Called Strike 1-1: Swinging Strike 1-2: Ball 2-2: Foul Ball, location: 2F 2-2: Ball 3-2: Foul Ball, location: 2F 3-2: Foul Ball, location: 2F 3-2: Base on Balls
|
Batting: RHB Jose Rodriguez
|
0-0: Swinging Strike 0-1: Foul Ball, location: 2F 0-2: Ball 1-2: Fly out, F8 (Line Drive, 8LD)
|
Batting: RHB Richard Lane
|
0-0: SINGLE (Groundball, 6MD) Ron Johnson to second
|
Pitching: RHP Ricardo del Rio
|
|
Batting: RHB Douglas Morganti
|
0-0: Grounds into double play, 5-4-3 (Groundball, 56)
|
Bottom of the 8th over - 0 runs, 1 hit, 0 errors, 1 left on base; Geneva 2 - Auburn 2 |
TOP OF THE 9TH |
Geneva Red Legs batting - Pitching for Auburn Red Stars : LHP William Eason
|
Batting: RHB Steve Balboni
|
0-0: Ball 1-0: Called Strike 1-1: Ball 2-1: Ball 3-1: Foul Ball, location: 2F 3-2: Foul Ball, location: 2F 3-2: Foul Ball, location: 2F 3-2: Foul Ball, location: 2F 3-2: Fly out, F3 (Popup, 3S)
|
Pitching: LHP Willie Suarez
|
|
Batting: SHB Kevin Jensen
|
0-0: Ball 1-0: Foul Ball, location: 2F 1-1: Ball 2-1: Ball 3-1: Base on Balls
|
Batting: RHB Sean O'Leary
|
0-0: Called Strike 0-1: Foul Ball, location: 2F 0-2: Strikes out swinging
|
Batting: SHB Richard Reichle
|
0-0: Ball 1-0: Called Strike 1-1: Foul Ball, location: 2F 1-2: Strikes out looking
|
Top of the 9th over - 0 runs, 0 hits, 0 errors, 1 left on base; Geneva 2 - Auburn 2 |
BOTTOM OF THE 9TH |
Auburn Red Stars batting - Pitching for Geneva Red Legs : RHP Ricardo del Rio
|
Pinch Hitting: SHB Alan Wiggins
|
0-0: Called Strike 0-1: Ground out 6-3 (Groundball, 56)
|
Batting: RHB Lorenzo Gray
|
0-0: Called Strike 0-1: Ball 1-1: Foul Ball, location: 2F 1-2: Strikes out swinging
|
Batting: RHB Leo Lemon
|
0-0: Ball 1-0: Called Strike 1-1: Ball 2-1: SINGLE (Flyball, 7S)
|
Batting: LHB Mario Delgado
|
0-0: Called Strike 0-1: Called Strike 0-2: Fielders Choice at 2nd, U4 (Groundball, 4M)
|
Bottom of the 9th over - 0 runs, 1 hit, 0 errors, 1 left on base; Geneva 2 - Auburn 2 |
TOP OF THE 10TH |
Geneva Red Legs batting - Pitching for Auburn Red Stars : LHP Willie Suarez
|
Now at 1B: Alan Wiggins
|
|
Batting: RHB Allen Leech
|
0-0: Fly out, F9 (Flyball, 9)
|
Batting: RHB Richard Meltz
|
0-0: SINGLE (Groundball, 56) (infield hit)
|
Batting: RHB Raymond Bresnahan
|
0-0: Ball 1-0: Called Strike 1-1: Ball 2-1: Swinging Strike 2-2: Fly out, F8 (Flyball, 8RXD) Runner from 1st tags up, SAFE at 2nd
|
Batting: RHB Jose Bernhardt
|
0-0: Called Strike 0-1: Ball 1-1: Fly out, F6 (Line Drive, 6)
|
Top of the 10th over - 0 runs, 1 hit, 0 errors, 1 left on base; Geneva 2 - Auburn 2 |
BOTTOM OF THE 10TH |
Auburn Red Stars batting - Pitching for Geneva Red Legs : RHP Ricardo del Rio
|
Batting: LHB Luis Alfaro
|
0-0: Ball 1-0: Foul Ball, location: 2F 1-1: Ball 2-1: Called Strike 2-2: Fly out, F8 (Flyball, 8LD)
|
Batting: RHB Ron Johnson
|
0-0: Ball 1-0: Swinging Strike 1-1: Foul Ball, location: 2F 1-2: Ball 2-2: Ground out 4-3 (Groundball, 4MD)
|
Batting: RHB Jose Rodriguez
|
0-0: Ball 1-0: Fly out, F7 (Flyball, 7LS)
|
Bottom of the 10th over - 0 runs, 0 hits, 0 errors, 0 left on base; Geneva 2 - Auburn 2 |
TOP OF THE 11TH |
Geneva Red Legs batting - Pitching for Auburn Red Stars : LHP Willie Suarez
|
Batting: RHB Adolfo Feliz
|
0-0: Ground out 6-3 (Groundball, 6)
|
Batting: RHB Steve Balboni
|
0-0: Called Strike 0-1: Foul Ball, location: 2F 0-2: Foul Ball, location: 2F 0-2: Ball 1-2: Strikes out swinging
|
Batting: SHB Kevin Jensen
|
0-0: Ball 1-0: Called Strike 1-1: Foul Ball, location: 2F 1-2: Strikes out looking
|
Top of the 11th over - 0 runs, 0 hits, 0 errors, 0 left on base; Geneva 2 - Auburn 2 |
BOTTOM OF THE 11TH |
Auburn Red Stars batting - Pitching for Geneva Red Legs : RHP Ricardo del Rio
|
Batting: RHB Richard Lane
|
0-0: Foul Ball, location: 2F 0-1: Ball 1-1: Foul Ball, location: 2F 1-2: Ball 2-2: Reached on error, E6 (Groundball, 6)
|
Batting: RHB Douglas Morganti
|
0-0: Ball Richard Lane is caught stealing 2nd base 2-4 1-0: Ball 2-0: Foul Ball, location: 2F 2-1: Fly out, F9 (Flyball, 9S)
|
Batting: SHB Alan Wiggins
|
0-0: Ground out 6-3 (Groundball, 6)
|
Bottom of the 11th over - 0 runs, 0 hits, 1 error, 0 left on base; Geneva 2 - Auburn 2 |
TOP OF THE 12TH |
Geneva Red Legs batting - Pitching for Auburn Red Stars : LHP Willie Suarez
|
Batting: RHB Sean O'Leary
|
0-0: Foul Ball, location: 2F 0-1: Foul Ball, location: 2F 0-2: Ball 1-2: Strikes out swinging, 2-3 out at first.
|
Batting: SHB Richard Reichle
|
0-0: Called Strike 0-1: Swinging Strike 0-2: Foul Ball, location: 2F 0-2: Ball 1-2: Strikes out looking
|
Batting: RHB Allen Leech
|
0-0: Foul Ball, location: 2F 0-1: SINGLE (Groundball, 56D)
|
Batting: RHB Richard Meltz
|
0-0: Swinging Strike 0-1: Swinging Strike 0-2: Foul Ball, location: 2F 0-2: Fielders Choice at 2nd, U4 (Groundball, 4M)
|
Top of the 12th over - 0 runs, 1 hit, 0 errors, 1 left on base; Geneva 2 - Auburn 2 |
BOTTOM OF THE 12TH |
Auburn Red Stars batting - Pitching for Geneva Red Legs : RHP Ricardo del Rio
|
Batting: RHB Lorenzo Gray
|
0-0: Called Strike 0-1: Ball 1-1: Ball 2-1: Foul Ball, location: 2F 2-2: DOUBLE (Line Drive, 9LS)
|
Batting: RHB Leo Lemon
|
0-0: Bunted foul 0-1: Sac Bunt to P - play at first, batter OUT! 1-4 Lorenzo Gray to third
|
Batting: LHB Mario Delgado
|
0-0: Intentional Walk
|
Batting: LHB Luis Alfaro
|
0-0: Ball Mario Delgado steals 2nd base (no throw) 1-0: Ball 2-0: Swinging Strike 2-1: Ball 3-1: Base on Balls
|
Batting: RHB Ron Johnson
|
0-0: Ball 1-0: Ball 2-0: Ball 3-0: Called Strike 3-1: Foul Ball, location: 2F 3-2: Foul Ball, location: 2F 3-2: Base on Balls Lorenzo Gray scores Mario Delgado to third Luis Alfaro to second
|
|
Thursday, April 11th, 2019 - OOTP Baseball 19.14 Build 136
|
|